 Dungeon Crawl Stone Soup version 0.30.1 (webtiles) character file.

Game seed: 3668180330105110962

300330 McKennaii the Eclecticist (level 19, -14/151 HPs)
             Began as a Demigod Conjurer on July 7, 2023.
             Succumbed to a deep elf blademaster's poison
             ... on level 2 of the Elven Halls.
             The game lasted 01:24:23 (47875 turns).

McKennaii the Eclecticist (Demigod Conjurer)       Turns: 47875, Time: 01:24:24

Health: -14/151    AC: 23    Str: 28    XL:     19   Next: 39%
Magic:  21/58      EV:  8    Int: 45    God:
Gold:   2511       SH:  0    Dex: 12    Spells: 45/58 levels left

rFire   + + +        U - staff of fire "Homnuf" {Contam rF+ rN+ rCorr Str+9}
rCold   + . .        (no shield)
rNeg    + + +        T - +2 plate armour {rC+}
rPois   +            a - +0 helmet "Lasem" {rElec Int+2}
rElec   +            r - scarf "Eplaj" {+Inv, rPois rC+}
rCorr   +            j - +0 pair of gloves
SInv    .            N - +2 pair of boots {Fly}
Will    +....        l - amulet "Teun" {RegenMP rElec rF+ Int+5}
Stlth   x              - ring of the Endless Expanse {rElec MP+9 Str+3 Int+2}
HPRegen 0.45/turn    Q - ring "Tetur" {Fire rPois rN++ Stlth+}
MPRegen 0.76/turn

%: no passive effects
@: lethally poisoned (-14 -> -70), flying
A: high MP 1, forlorn, divine attributes
}: 2/15 runes: decaying, serpentine
a: Evoke Invisibility


You were on level 2 of the Elven Halls.
You visited 6 branches of the dungeon, and saw 33 of its levels.
You also visited: Ossuary, Gauntlet, Ice Cave and Desolation.

You collected 4817 gold pieces.
You spent 2306 gold pieces at shops.

Inventory:

Hand Weapons
 R - the +6 short sword of the Spider {flame, rElec rC++ Str+3 Dex-2}
   (You found it on level 2 of the Lair of Beasts)

   Str:       It affects your strength (+3).
   Dex:       It affects your dexterity (-2).
   rC:        It greatly protects you from cold.
   rElec:     It insulates you from electricity.
Armour
 a - the +0 helmet "Lasem" (worn) {rElec Int+2}
   (You found it on level 1 of the Lair of Beasts)

   Int:       It affects your intelligence (+2).
   rElec:     It insulates you from electricity.
 j - a +0 pair of gloves (worn)
 r - the scarf "Eplaj" (worn) {+Inv, rPois rC+}
   (You bought it in a shop on level 14 of the Dungeon)

   rC:        It protects you from cold.
   rPois:     It protects you from poison.
 N - a +2 pair of boots of flying (worn)
 T - a +2 plate armour of cold resistance (worn)
Magical Staves
 U - the staff of fire "Homnuf" (weapon) {Contam rF+ rN+ rCorr Str+9}
   (You took it off a minotaur in a Gauntlet)

   [staff of fire]

   Base accuracy: +5 Base damage: 5 Base attack delay: 1.2 This weapon's minimum
   attack delay (0.6) is reached at skill level 12.
   Str:       It affects your strength (+9).
   rF:        It protects you from fire.
   rN:        It protects you from negative energy.
   Contam:    It causes magical contamination when unequipped.
   rCorr:     It protects you from acid and corrosion.
   It falls into the 'Staves' category.
   It is a one-handed weapon.
Jewellery
 b - a +4 ring of protection
 k - a ring of flight
 l - the amulet "Teun" (around neck) {RegenMP rElec rF+ Int+5}
   (You took it off a minotaur in a Gauntlet)

   [amulet of magic regeneration]

   It increases your rate of magic regeneration.
   Int:       It affects your intelligence (+5).
   rF:        It protects you from fire.
   rElec:     It insulates you from electricity.
 t - the ring "Ytes" {AC+4 Int+2 Stlth+}
   (You bought it in a shop on level 2 of the Orcish Mines)

   [ring of protection]

   AC:        It affects your AC (+4).
   Int:       It affects your intelligence (+2).
   Stlth:     It makes you more stealthy.
 u - a ring of see invisible
 w - a ring of resist corrosion
 x - the ring of the Endless Expanse (left hand) {rElec MP+9 Str+3 Int+2}
   (You bought it in a shop on level 2 of the Orcish Mines)

   [ring of magical power]

   Str:       It affects your strength (+3).
   Int:       It affects your intelligence (+2).
   rElec:     It insulates you from electricity.
   MP:        It affects your magic capacity (+9).
 J - a ring of willpower
 K - the ring "Jafret" {Wiz rN+ Dex+2 SInv Stlth+}
   (You bought it in a shop on level 2 of the Orcish Mines)

   [ring of wizardry]

   It improves your spell success rate.
   Dex:       It affects your dexterity (+2).
   rN:        It protects you from negative energy.
   SInv:      It lets you see invisible.
   Stlth:     It makes you more stealthy.
 L - the ring "Dairr" {rPois rC+ SInv}
   (You found it in the Desolation of Salt)

   [ring of protection from cold]

   rC:        It protects you from cold.
   rPois:     It protects you from poison.
   SInv:      It lets you see invisible.
 M - a +4 ring of slaying
 Q - the ring "Tetur" (right hand) {Fire rPois rN++ Stlth+}
   (You found it in a Gauntlet)

   [ring of fire]

   It enhances your fire magic.
   rF:        It protects you from fire.
   rC:        It makes you vulnerable to cold.
   rPois:     It protects you from poison.
   rN:        It greatly protects you from negative energy.
   Stlth:     It makes you more stealthy.
 W - the ring "Paskoe" {Will+ Str+3 Dex+4}
   (You took it off a deep elf pyromancer on level 3 of the Elven Halls)

   [ring of willpower]

   Str:       It affects your strength (+3).
   Dex:       It affects your dexterity (+4).
   Will:      It increases your willpower.
Wands
 n - a wand of mindburst (24)
 o - a wand of polymorph (6)
 B - a wand of roots (46)
 C - a wand of quicksilver (24)
 D - a wand of digging (19)
 F - a wand of paralysis (22)
Scrolls
 d - 8 scrolls of amnesia
 e - 11 scrolls of teleportation
 g - 6 scrolls of magic mapping
 i - 7 scrolls of poison
 q - 2 scrolls of blinking
 s - 7 scrolls of fog
 y - 3 scrolls of brand weapon
 A - 9 scrolls of enchant armour
 G - 2 scrolls of silence
 I - a scroll of fear
 O - 5 scrolls of enchant weapon
 X - a scroll of summoning
Potions
 c - 7 potions of curing
 f - 4 potions of might
 h - 5 potions of mutation
 m - 2 potions of haste
 p - 3 potions of flight
 v - 3 potions of heal wounds
 z - 6 potions of berserk rage
 E - 2 potions of brilliance
 H - a potion of invisibility
 P - 2 potions of resistance
 S - 3 potions of cancellation
 V - 4 potions of lignification
 Y - 8 potions of ambrosia


   Skills:
 + Level 9.4 Fighting
 + Level 11.8 Armour
 - Level 1.7 Dodging
 - Level 1.7 Stealth
 * Level 20.2 Spellcasting
 - Level 11.4 Conjurations
 + Level 18.3 Fire Magic
 - Level 12.0 Air Magic


You had 45 spell levels left.
You knew the following spells:

 Your Spells              Type           Power      Damage    Failure   Level
a - Magic Dart            Conj           100%       1d8       1%          1
b - Searing Ray           Conj           100%       2d8       1%          2
c - Iskenderun's Mystic   Conj/Tloc      77%        2d15      3%          4
d - Plasma Beam           Fire/Air       80%        2x1d107   1%          6

Your spell library contained the following spells:

 Spells                   Type           Power      Damage    Failure   Level
 Foxfire                  Conj/Fire      100%       2x1d9     0%          1
 Scorch                   Fire           100%       2d9       0%          2
 Shock                    Conj/Air       100%       1d9       1%          1
 Poisonous Vapours        Pois/Air       100%       N/A       1%          2
 Static Discharge         Conj/Air       100%       2-7/arc   1%          2
 Dazzling Flash           Conj/Hex       100%       N/A       1%          3
 Stone Arrow              Conj/Erth      100%       3d13      1%          3
 Swiftness                Air            100%       N/A       1%          3
 Vhi's Electric Charge    Tloc/Air       100%       N/A       1%          3
 Volatile Blastmotes      Fire/Tloc      100%       2d18      1%          3
 Airstrike                Air            50%        2d(8-24)  1%          4
 Arcjolt                  Conj/Air       50%        1d60      1%          5
 Starburst                Conj/Fire      79%        6d20      1%          6
 Summon Lightning Spire   Summ/Air       79%        N/A       2%          4
 Sandblast                Erth           90%        2d19      3%          1
 Slow                     Hex            100%       N/A       3%          1
 Sting                    Tmut/Pois      100%       1d8       3%          1
 Summon Small Mammal      Summ           100%       N/A       3%          1
 Fulminant Prism          Conj/Hex       38%        3d17      3%          4
 Blink                    Tloc           90%        N/A       4%          2
 Ensorcelled Hibernation  Hex/Ice        90%        N/A       4%          2
 Passwall                 Tmut/Erth      37%        N/A       4%          2
 Sublimation of Blood     Necr           45%        N/A       4%          2
 Irradiate                Conj/Tmut      38%        3d24      9%          5
 Call Canine Familiar     Summ           45%        N/A       10%         3
 Confusing Touch          Hex            45%        N/A       10%         3
 Frozen Ramparts          Ice            90%        1d14      10%         3
 Spider Form              Tmut/Pois      45%        N/A       10%         3
 Summon Guardian Golem    Hex/Summ       45%        N/A       10%         3
 Tukima's Dance           Hex            45%        N/A       10%         3
 Vampiric Draining        Necr           45%        2d9       10%         3
 Ignition                 Fire           84%        3d22      11%         8
 Orb of Destruction       Conj           49%        9d13      24%         7
 Anguish                  Hex/Necr       22%        N/A       32%         4
 Animate Dead             Necr           45%        N/A       32%         4
 Cause Fear               Hex            22%        N/A       32%         4
 Ice Form                 Ice/Tmut       45%        N/A       32%         4
 Leda's Liquefaction      Hex/Erth       22%        N/A       32%         4
 Olgreb's Toxic Radiance  Pois           45%        N/A       32%         4
 Passage of Golubria      Tloc           45%        N/A       32%         4
 Petrify                  Tmut/Erth      45%        N/A       32%         4
 Summon Ice Beast         Ice/Summ       45%        N/A       32%         4
 Lee's Rapid Deconstruct  Erth           22%        3d13*     65%         5
 Yara's Violent Unravell  Hex/Tmut       22%        3d10      65%         5
 Maxwell's Capacitive Co  Air            50%        ∞         83%         8
 Spellforged Servitor     Conj/Summ      38%        N/A       95%         7
 Simulacrum               Ice/Necr       22%        N/A       99%         6
 Statue Form              Tmut/Erth      30%        N/A       99%         6
 Dragon Form              Tmut           22%        N/A       100%        7
 Enfeeble                 Hex            22%        N/A       100%        7
 Haunt                    Necr/Summ      22%        N/A       100%        7
 Ozocubu's Refrigeration  Ice            22%        4d12      100%        7
 Infestation              Necr           22%        N/A       100%        8
 Dragon's Call            Summ           22%        N/A       100%        9
 Fire Storm               Conj/Fire      79%        8d20      100%        9
 Polar Vortex             Ice            22%        N/A       100%        9


Dungeon Overview and Level Annotations

Branches:
Dungeon (15/15)            Temple (0/1) D:7            Lair (5/5) D:11
  Swamp (4/4) Lair:2        Snake (4/4) Lair:3        Slime (0/5) Lair:5
    Orc (2/2) D:12            Elf (3/3) Orc:2        Vaults (0/5) D:14
 Depths (0/4) D:15        Ossuary (visited)           IceCv (visited)
Desolation (visited)      Gauntlet (visited)

Shops:
D:14 =[**   Orc:2 *=?*


Innate Abilities, Weirdness & Mutations

You have an increased reservoir of magic. (+10% MP)
You shall have no god before yourself.
Your divine heritage dramatically boosts your attributes as you level up.


Message History

You feel very sick.
The deep elf blademaster hits you with a +0 rapier of venom!
The deep elf blademaster hits you but does no damage.
The deep elf elementalist mumbles some strange words.
The deep elf elementalist seems to speed up.
Items here: ! )) [ ÷.
You feel sick.
Items here: ))))))) [[[[ ÷÷.
The deep elf blademaster attacks as you move away!
The deep elf blademaster hits you with a +0 rapier of venom. x2
You feel sick.
Some walls begin to move on their own!
The deep elf blademaster hits you with a +0 rapier of venom!!
You are more poisoned.
The deep elf blademaster hits you but does no damage.
Things that are here:
a +1 halberd of flaming; a +0 rapier; an elf corpse You feel extremely sick.
Some walls begin to move on their own!
You hear a shout!
The deep elf blademaster attacks as you move away!
The deep elf blademaster hits you with a +0 rapier of venom!
The deep elf blademaster hits you but does no damage.
You feel extremely sick.
Some walls begin to move on their own!
The deep elf blademaster barely misses you.
The deep elf blademaster hits you with a +0 rapier of venom!!
* * * LOW HITPOINT WARNING * * *
You are lethally poisoned!
There is a stone staircase leading up, spattered with blood here.
* * * LOW HITPOINT WARNING * * *
You feel extremely sick.
The deep elf blademaster hits you with a +0 rapier of venom.
* * * LOW HITPOINT WARNING * * *
The deep elf blademaster hits you with a +0 rapier of venom!
* * * LOW HITPOINT WARNING * * *
You are more poisoned.
The earth elemental hits you!
* * * LOW HITPOINT WARNING * * *
You fly upwards.
You die...

.# ##...?.##
###...###'#...#. .#
##...#+##########
##....## .#
##'###+.....##
#....... ## #.#
#..P.P..#####.......
# #.#
#.P...P.+...'....P..
## #[#
#.......#####...)...
.# ###'# #.....P.#
#..>.... .# #...#
#.).e...# ##...... .#
##...####.@<..##
##'#.?... .# #.....#
###'### ##.####'## .#
##...## #.# ##.## #[#
.# #...# ##'## ##.##
#.# ## ##'##
##...###.## #.# #.#
##..)..#'## #.# #.#
##......)## #.# #.#
#.........########'##
#.#
#....⌠....'....'.....


You could see a deep elf blademaster.

Vanquished Creatures
  3 deep elf blademasters
  A deep elf master archer (Elf:3)
  A thorn hunter (Swamp:3)
  8 nagarajas
  5 deep elf sorcerers
  2 imperial myrmidons (Desolation)
  2 deep elf elementalists (Elf:3)
  A stone giant (D:15)
  2 orc warlords (Orc:1)
  The ghost of Quickbrownfox the Covert, a journeyman DsCj of Vehumet (Lair:4)
  4 deep elf demonologists (Elf:3)
  4 eleionomae
  A dire elephant (Lair:5)
  2 halazid warlocks (Desolation)
  5 deep elf annihilators
  8 bunyips
  A minotaur (Gauntlet)
  A crystal guardian (Desolation)
  3 deep elf death magi (Elf:3)
  5 ragged hierophants (Desolation)
  3 spectral fenstrider witches (Swamp:4)
  A deep elf high priest (Elf:3)
  3 salamander tyrants
  4 shambling mangroves
  The ghost of Zatibaps the Spry, a journeyman FeVM of Dithmenos (Swamp:4)
  A vault guard (D:14)
  3 ogre magi
  7 peacekeepers (Desolation)
  5 centaur warriors
  7 servants of whispers (Desolation)
  19 hydras
  2 catoblepae
  16 anacondas
  18 two-headed ogres
  3 alligators
  A tengu warrior (D:14)
  28 dancing weapons
  2 ghost crabs (Swamp:4)
  6 boulder beetles
  3 death yaks (Lair:5)
  21 naga warriors
  9 shock serpents
  11 deep elf knights
  A spriggan berserker (Swamp:3)
  13 naga sharpshooters
  3 orc high priests (Orc:2)
  6 salamander mystics
  The ghost of Graphine the Sneak, a novice MfBr of Gozag (D:9)
  5 sea snakes (Snake:4)
  6 goliath frogs
  3 skeletal warriors (D:15)
  14 swamp dragons
  3 bog bodies
  4 spriggan druids
  7 naga ritualists
  5 deep elf archers
  25 deep elf pyromancers
  3 wizards
  Pikel (D:5)
  4 lindwurms
  6 ironbound convokers (Desolation)
  5 orc knights
  A fenstrider witch simulacrum (Swamp:4)
  22 deep elf zephyrmancers
  8 orc sorcerers
  19 mana vipers
  10 ugly things
  3 oklob plants (D:11)
  3 manticores
  A salamander (shapeshifter) (Elf:1)
  2 spectral spriggans (Swamp:4)
  A cyclops (D:9)
  12 elephants
  4 will-o-the-wisps
  20 salamanders
  20 naga magi
  10 guardian serpents
  A moth of wrath (Gauntlet)
  49 black mambas
  3 gargoyles
  A smoke demon (Gauntlet)
  3 ice statues
  9 komodo dragons
  An efreet (D:15)
  2 tengu conjurers (D:14)
  5 rime drakes
  11 cane toads
  A freezing wraith (IceCv)
  A spectral death drake (Swamp:4)
  3 kobold demonologists
  3 meliai (Lair:4)
  9 polar bears (Lair:5)
  4 red devils (Elf:2)
  A queen bee (Lair:4)
  3 trolls
  A wolf spider simulacrum (D:15)
  8 hornets
  2 raiju (Lair:5)
  18 blink frogs
  3 tyrant leeches
  52 saltlings (Desolation)
  2 dream sheep (Lair:5)
  6 spriggans
  3 air elementals
  3 wraiths
  Sigmund (D:3)
  6 shadows
  3 vampires
  3 water elementals
  7 wyverns
  24 yaks
  A centaur simulacrum (Gauntlet)
  A hog (shapeshifter) (D:14)
  4 basilisks
  2 fire elementals (Elf:1)
  A steam dragon (Lair:3)
  8 vampire mosquitoes
  2 redbacks (Gauntlet)
  A death yak simulacrum (IceCv)
  22 swamp worms
  9 wargs
  72 nagas
  A death drake simulacrum (Swamp:4)
  A hydra simulacrum (Gauntlet)
  Duvessa (D:6)
  13 hell hounds (Lair:5)
  2 acid dragons (D:9)
  12 water moccasins
  7 swamp drakes
  32 orc warriors
  A sky beast (D:7)
  11 black bears (Lair:5)
  25 ogres
  2 spriggan simulacra (Swamp:4)
  17 wolves
  The ghost of LavenderCorpse the Cudgeller, an amateur DsGl (D:3)
  A lemure (D:5)
  21 centaurs
  A boggart (Elf:1)
  2 phantoms
  3 kobold brigands (D:12)
  An elf zombie (Ossuary)
  5 earth elementals
  14 bullfrogs
  3 gnoll sergeants
  3 scorpions
  6 wights (D:9)
  Dowan (D:6)
  33 killer bees
  9 electric eels
  A howler monkey (D:7)
  2 crimson imps (Gauntlet)
  3 centaur zombies (Ossuary)
  A human zombie (Ossuary)
  7 jellies
  A gnoll bouda (D:8)
  19 orc priests
  A sleepcap (D:6)
  8 iguanas
  27 orc wizards
  2 polar bear simulacra (IceCv)
  2 wolf simulacra (IceCv)
  A hound zombie (Ossuary)
  A boggart simulacrum (Gauntlet)
  4 mummies
  20 gnolls
  6 adders
  3 white imps (Gauntlet)
  A worm (D:5)
  3 dart slugs
  83 orcs
  6 bats
  5 endoplasms
  4 giant cockroaches
  3 gnoll zombies (Ossuary)
  4 goblins
  4 hobgoblins
  2 jackals (D:2)
  6 quokkas
  5 ball pythons
  4 frilled lizards (D:1)
  11 goblin zombies (Ossuary)
  A hobgoblin zombie (Ossuary)
  5 jackal zombies (Ossuary)
  11 kobolds
  5 kobold zombies
  4 orc zombies
  A quokka zombie (Ossuary)
  6 rats
  A rat zombie (Ossuary)
1373 creatures vanquished.

Vanquished Creatures (others)
  A guardian serpent (Desolation)
  4 foxfires (Swamp:2)
5 creatures vanquished.

Grand Total: 1378 creatures vanquished

Notes
Turn   | Place    | Note
-------+----------+-------------------------------------------
     0 | D:1      | McKennaii the Demigod Conjurer began the quest for the Orb.
     0 | D:1      | Reached XP level 1. HP: 14/14 MP: 5/5
   119 | D:1      | Reached skill level 2 in Spellcasting
   248 | D:1      | Reached XP level 2. HP: 20/20 MP: 5/7
   251 | D:1      | Learned a level 2 spell: Searing Ray
  1015 | D:2      | Reached XP level 3. HP: 26/26 MP: 3/9
  2262 | D:3      | Found a runed translucent door.
  2264 | D:3      | Noticed LavenderCorpse's ghost (amateur DsGl)
  2294 | D:3      | Reached XP level 4. HP: 33/33 MP: 7/11
  2299 | D:3      | Learned a level 4 spell: Iskenderun's Mystic Blast
  2384 | D:3      | Noticed Sigmund
  2416 | D:3      | Killed Sigmund
  2417 | D:3      | Reached skill level 3 in Spellcasting
  2417 | D:3      | Reached skill level 5 in Conjurations
  2417 | D:3      | Reached XP level 5. HP: 19/38 MP: 0/13
  2824 | D:3      | Killed LavenderCorpse's ghost
  2825 | D:3      | Reached skill level 4 in Spellcasting
  2825 | D:3      | Reached XP level 6. HP: 41/45 MP: 5/15
  3772 | D:4      | Reached XP level 7. HP: 50/50 MP: 9/17
  4700 | D:5      | Entered Level 5 of the Dungeon
  4715 | D:5      | Reached skill level 5 in Spellcasting
  4889 | D:5      | Noticed Pikel
  4897 | D:5      | Killed Pikel
  4898 | D:5      | Reached skill level 6 in Spellcasting
  4898 | D:5      | Reached XP level 8. HP: 57/57 MP: 8/20
  5998 | D:6      | Noticed Dowan
  5999 | D:6      | Noticed Duvessa
  6015 | D:6      | Killed Dowan
  6018 | D:6      | Killed Duvessa
  6750 | D:7      | Reached skill level 7 in Spellcasting
  6808 | D:7      | Found a sand-covered staircase.
  6863 | Ossuary  | Entered an ossuary
  7782 | D:7      | Reached XP level 9. HP: 21/62 MP: 4/24
  7942 | D:7      | Found a staircase to the Ecumenical Temple.
  8462 | D:8      | Reached skill level 8 in Spellcasting
  9626 | D:8      | Noticed a two-headed ogre
  9644 | D:8      | Killed a two-headed ogre
  9645 | D:8      | Reached skill level 10 in Conjurations
 10057 | D:9      | Reached skill level 9 in Spellcasting
 10310 | D:9      | Reached XP level 10. HP: 63/69 MP: 6/27
 10683 | D:9      | Noticed a boulder beetle
 11027 | D:9      | Found a runed translucent gate.
 11027 | D:9      | Found a runed translucent gate.
 11027 | D:9      | Found a runed translucent gate.
 11077 | D:9      | Noticed Graphine's ghost (novice MfBr)
 11079 | D:9      | Noticed a cyclops
 11331 | D:10     | Entered Level 10 of the Dungeon
 11376 | D:10     | Noticed a two-headed ogre
 11385 | D:10     | Killed a two-headed ogre
 11386 | D:10     | Reached skill level 10 in Spellcasting
 11722 | D:10     | Learned a level 6 spell: Plasma Beam
 12101 | D:10     | Reached skill level 1 in Air Magic
 12261 | D:11     | Reached skill level 1 in Fire Magic
 12600 | D:11     | Noticed an oklob plant
 12606 | D:11     | Noticed an oklob plant
 12628 | D:11     | Noticed a two-headed ogre
 12660 | D:11     | Killed a two-headed ogre
 12821 | D:11     | Reached XP level 11. HP: 62/74 MP: 3/30
 12945 | D:11     | Noticed a two-headed ogre
 12953 | D:11     | Killed a two-headed ogre
 13555 | D:11     | Noticed a two-headed ogre
 13564 | D:11     | Killed a two-headed ogre
 13774 | D:11     | Found a staircase to the Lair.
 14083 | D:11     | Reached skill level 11 in Spellcasting
 14475 | D:11     | Noticed a two-headed ogre
 14475 | D:11     | Noticed a two-headed ogre
 14476 | D:11     | Noticed a two-headed ogre
 14485 | D:11     | Killed a two-headed ogre
 14486 | D:11     | Reached skill level 5 in Fire Magic
 14486 | D:11     | Reached skill level 5 in Air Magic
 14486 | D:11     | Killed a two-headed ogre
 14489 | D:11     | Killed a two-headed ogre
 14502 | D:11     | Noticed a two-headed ogre
 14502 | D:11     | Noticed a two-headed ogre
 14502 | D:11     | Noticed an ogre mage
 14517 | D:11     | Killed a two-headed ogre
 14518 | D:11     | Killed a two-headed ogre
 14520 | D:11     | Noticed a two-headed ogre
 14527 | D:11     | Killed a two-headed ogre
 14621 | D:11     | Killed an ogre mage
 14816 | D:12     | Reached XP level 12. HP: 59/81 MP: 23/32
 15703 | D:12     | Noticed a boulder beetle
 16130 | Lair:1   | Entered Level 1 of the Lair of Beasts
 16142 | Lair:1   | Found a gate leading to a gauntlet.
 16152 | Gauntlet | Entered a Gauntlet
 16152 | Gauntlet | Found a transporter.
 16159 | Gauntlet | Found a runed translucent gate.
 16159 | Gauntlet | Found a runed translucent gate.
 16159 | Gauntlet | Found a runed translucent gate.
 16161 | Gauntlet | Found a transporter.
 16164 | Gauntlet | Found a transporter.
 16165 | Gauntlet | Found a transporter.
 16176 | Gauntlet | Found a transporter.
 16177 | Gauntlet | Found a transporter.
 16181 | Gauntlet | Found a transporter.
 16186 | Gauntlet | Found a transporter.
 16188 | Gauntlet | Found a transporter.
 16189 | Gauntlet | Found a transporter.
 16201 | Gauntlet | Found a transporter.
 16201 | Gauntlet | Found a transporter.
 16202 | Gauntlet | Found a transporter.
 16210 | Gauntlet | Found a transporter.
 16483 | Gauntlet | Reached skill level 12 in Spellcasting
 16708 | Gauntlet | Identified the ring "Tetur" {Fire rPois rN++ Stlth+}
 16859 | Gauntlet | Identified the staff of fire "Homnuf" {Contam rF+ rN+ rCorr
                  | Str+9}
 16859 | Gauntlet | Identified the amulet "Teun" {RegenMP rElec rF+ Int+5}
 16859 | Gauntlet | Noticed a minotaur
 16943 | Gauntlet | Killed a minotaur
 16957 | Gauntlet | Identified the +0 ring mail "Vuaf Oso" {Will+}
 17459 | Lair:1   | Identified the +0 helmet "Lasem" {rElec Int+2}
 18440 | Lair:2   | Identified the +6 short sword of the Spider {flame, rElec
                  | rC++ Str+3 Dex-2}
 19099 | Lair:2   | Found a staircase to the Swamp.
 19276 | Lair:3   | Reached XP level 13. HP: 86/86 MP: 28/34
 19467 | Lair:3   | Found a staircase to the Snake Pit.
 20605 | Lair:4   | Found a runed translucent gate.
 20696 | Lair:4   | Reached skill level 13 in Spellcasting
 21203 | Lair:4   | Found a runed translucent gate.
 21204 | Lair:4   | Found a runed translucent gate.
 21206 | Lair:4   | Noticed Quickbrownfox's ghost (journeyman DsCj)
 21594 | Lair:4   | Identified the +1 dagger of Excruciating Pain {vamp, rF+
                  | Int+5}
 22021 | Lair:4   | Killed Quickbrownfox's ghost
 22069 | Lair:4   | Identified the +3 scimitar of the Original Sin {freeze,
                  | rPois MP+9}
 22139 | Lair:5   | Entered Level 5 of the Lair of Beasts
 22143 | Lair:5   | Reached skill level 10 in Air Magic
 22154 | Lair:5   | Reached skill level 10 in Fire Magic
 22377 | Lair:5   | Found a frozen archway.
 22444 | IceCv    | Entered an ice cave
 22504 | IceCv    | Found a transporter.
 22525 | IceCv    | Found a transporter.
 23232 | Lair:5   | Reached XP level 14. HP: 82/93 MP: 21/36
 23327 | Lair:5   | Identified the +5 chain mail of Vampiric Thralls {rF+}
 23385 | Lair:5   | Reached skill level 1 in Armour
 23574 | Lair:5   | Found a staircase to the Slime Pits.
 23866 | Lair:5   | Reached skill level 14 in Spellcasting
 24944 | D:9      | Killed Graphine's ghost
 25357 | D:12     | Found a staircase to the Orcish Mines.
 25632 | D:12     | Reached skill level 5 in Armour
 26237 | D:14     | Found Nod Qizo's Assorted Antiques.
 26469 | D:14     | Found Muorank's Jewellery Shoppe.
 26505 | D:14     | Found a gate to the Vaults.
 26592 | D:14     | Found Arautub's Antique Armour Emporium.
 26600 | D:14     | Bought a distressingly furry scarf for 340 gold pieces
 26600 | D:14     | Identified the scarf "Eplaj" {+Inv, rPois rC+} (You bought
                  | it in a shop on level 14 of the Dungeon)
 26926 | D:14     | Found Aciu's General Store.
 26934 | D:14     | Bought a potion of heal wounds for 70 gold pieces
 26934 | D:14     | Bought a scroll of fear for 56 gold pieces
 27065 | D:15     | Entered Level 15 of the Dungeon
 27291 | D:15     | Found a staircase to the Depths.
 27494 | D:15     | Reached XP level 15. HP: 99/99 MP: 5/38
 28175 | Orc:1    | Entered Level 1 of the Orcish Mines
 28559 | Orc:2    | Entered Level 2 of the Orcish Mines
 28831 | Orc:2    | Found a staircase to the Elven Halls.
 29713 | Orc:2    | Found Amodelir's General Store.
 29765 | Orc:2    | Found Jatsil's Magic Scroll Shop.
 29772 | Orc:2    | Bought a scroll of blinking for 90 gold pieces
 29772 | Orc:2    | Bought a scroll of teleportation for 36 gold pieces
 29772 | Orc:2    | Bought a scroll of identify for 24 gold pieces
 29773 | Orc:2    | Found Hokej's Jewellery Shop.
 29775 | Orc:2    | Found Uliuz's Assorted Antiques.
 29938 | Orc:2    | Bought a coiled turquoise ring for 140 gold pieces
 29938 | Orc:2    | Identified the ring "Ytes" {AC+4 Int+2 Stlth+} (You bought
                  | it in a shop on level 2 of the Orcish Mines)
 29941 | Orc:2    | Bought the ring of the Endless Expanse {rElec MP+9 Str+3
                  | Int+2} for 712 gold pieces
 29941 | Orc:2    | Bought the ring "Jafret" {Wiz rN+ Dex+2 SInv Stlth+} for
                  | 838 gold pieces
 30606 | Swamp:1  | Entered Level 1 of the Swamp
 30711 | Swamp:1  | Identified a scroll of acquirement
 30717 | Swamp:1  | Reached skill level 15 in Spellcasting
 31725 | Swamp:2  | Identified the +1 hand axe "Geism" {flame, Dex+3}
 32545 | Swamp:3  | Noticed a thorn hunter
 32546 | Swamp:3  | Killed a thorn hunter
 32635 | Swamp:3  | Reached skill level 10 in Armour
 32637 | Swamp:3  | Reached XP level 16. HP: 40/105 MP: 21/41
 32968 | Swamp:4  | Entered Level 4 of the Swamp
 33353 | Swamp:4  | Reached skill level 16 in Spellcasting
 33878 | Swamp:4  | Got a decaying rune of Zot
 34161 | Swamp:4  | Found a runed translucent gate.
 34161 | Swamp:4  | Found a runed translucent gate.
 34161 | Swamp:4  | Found a runed translucent gate.
 34163 | Swamp:4  | Noticed Zatibaps's ghost (journeyman FeVM)
 34258 | Swamp:4  | Killed Zatibaps's ghost
 34486 | Snake:1  | Entered Level 1 of the Snake Pit
 34728 | Snake:1  | Reached skill level 1 in Fighting
 34855 | Snake:1  | Reached skill level 17 in Spellcasting
 34939 | Snake:1  | Identified the +1 robe of the Fiddle {rC+ Int+3}
 34951 | Snake:1  | Found a transporter.
 35082 | Snake:1  | Found a transporter.
 35162 | Snake:1  | Reached skill level 15 in Fire Magic
 36282 | Snake:1  | Identified the +1 cloak "Ohuopeaf" {Contam Str+3 Stlth+}
 36795 | Snake:2  | Reached XP level 17. HP: 121/121 MP: 17/44
 38216 | Snake:3  | Reached skill level 5 in Fighting
 38226 | Snake:3  | Reached skill level 18 in Spellcasting
 39255 | Snake:4  | Entered Level 4 of the Snake Pit
 40712 | Snake:4  | Reached XP level 18. HP: 137/137 MP: 43/46
 40959 | Snake:4  | Got a serpentine rune of Zot
 41711 | Elf:1    | Entered Level 1 of the Elven Halls
 41849 | Elf:1    | Reached skill level 19 in Spellcasting
 43233 | Elf:2    | Found a crumbling gateway.
 43475 | Elf:2    | Acquired the Catalogue of Quantum Leap
 43477 | Elf:2    | Acquired 653 gold pieces
 43500 | Desolati | Entered the Desolation of Salt
 44464 | Desolati | Got the Anthology of Arson
 44472 | Desolati | Identified the amulet "Qomun" {Spirit rF+ Will- Str+2
                  | Int+9}
 45243 | Desolati | Identified the ring "Dairr" {rPois rC+ SInv}
 45253 | Desolati | Identified the staff of poison "Cuiretidgh" {rElec rPois
                  | rF+ Str+4 Stlth+}
 45256 | Desolati | Identified the +8 shortbow of Nodd {flame, rF+ Will+ Str+3
                  | Int+2}
 45319 | Desolati | Found the +8 trishula "Condemnation" {holy, anguish, *Noise
                  | Fly rN+}
 45915 | Elf:2    | Found a runed translucent gate.
 45916 | Elf:2    | Found a runed translucent gate.
 45917 | Elf:2    | Found a runed translucent gate.
 46526 | Elf:2    | Reached XP level 19. HP: 149/149 MP: 36/49
 47164 | Elf:2    | Reached skill level 20 in Spellcasting
 47259 | Elf:3    | Entered Level 3 of the Elven Halls
 47297 | Elf:3    | Paralysed by an air elemental for 1 turns
 47683 | Elf:3    | Identified the ring of Jucoevorgh {EV+5 Str+3 Stlth+}
 47833 | Elf:3    | Identified the +2 battleaxe of Cheibriados's Delight {pain,
                  | Str+2}
 47833 | Elf:3    | Identified the ring "Paskoe" {Will+ Str+3 Dex+4}
 47874 | Elf:3    | HP: 3/151 [earth elemental[a deep elf elementalist] (13)]
 47875 | Elf:2    | Succumbed to a deep elf blademaster's poison

Illustrated notes

Levels and vault maps discovered:
D:1:      sevenhm_arrival_forest_fort_large_2, layout_rooms
D:2:      layout_loops_ring, basic_altar
D:3:      layout_loops_ring, ebering_ghost_reflecting_pool, uniq_sigmund
D:4:      layout_layer_cave, skrybe_limestone_x, kennysheep_generic_room_16
D:5:      layout_loops_ring, mainiacjoe_overflow_six_doors_small,
          old_standard_altar, uniq_pikel
D:6:      layout_gridville, minmay_mini_ossuary, uniq_duvessa
D:7:      layout_layer_cave, nicolae_qazlal_style_of_elements,
          minmay_temple_entry_from_below_a, enter_ossuary_2
D:8:      layout_cave_pods, grunt_gozag_statues
D:9:      layout_basic, grunt_temple_overflow_open, gammafunk_ghost_split,
          grunt_ministairs_7, worms_lemuel
D:10:     layout_rooms
D:11:     lemuel_ogre_cave, layout_basic, dpeg_oklobed_lair, st_stairs_12
D:12:     layout_basic, david_orc_4
D:13:     layout_cave_pools
D:14:     layout_loops_cross, david_vaults_5, nicolae_ru_the_path_less_chosen,
          serial_shops, shop_statue, shop, shop, nicolae_shop_peninsula
D:15:     grunt_enter_depths_giant_problem, layout_irregular_city
Lair:1:   layout_loops_ring, gauntlet_entry_generic, minmay_holes,
          serial_bayou_lake_a
Lair:2:   layout_regular_city, nicolae_swamp_entry_splash_gauntlet,
          patterned_corridor, grunt_megastairs_2, lemuel_fruit_fields,
          serial_bayou_shore_b
Lair:3:   layout_cave_pods, dummy_snake_entry, kennysheep_catoblepas_arena,
          grunt_megastairs_4
Lair:4:   layout_cave_pods, gammafunk_ghost_hydra_chop, special_room
          [special_room_bee], st_stairs_6
Lair:5:   hangedman_lair_caniforms_friends, layout_regular_city,
          hangedman_lair_in_review, nicolae_slime_entry_field_trip,
          portal_ice_cave_rime
Swamp:1:  layout_basic_swamp, nicolae_swamp_fairy_circle,
          infiniplex_staircase_pool
Swamp:2:  nicolae_swamp_ascending_descending, layout_falls_marsh,
          hangedman_swamp_ruin_wall
Swamp:3:  layout_falls_marsh, nicolae_swamp_decorative_isthmus, swamp_pool4,
          nicolae_swamp_no_escape
Swamp:4:  swamp_alternative, layout_basic_swamp, gammafunk_ghost_necromancy
Snake:1:  gammafunk_the_bubble [the_bubble_gammafunk_split], layout_chambers,
          dpeg_stationary_puzzle
Snake:2:  layout_gridlike
Snake:3:  kennysheep_snake, layout_onion, nicolae_snake_gridmaze_swirls,
          lemuel_fruit_tree
Snake:4:  grunt_snake_rune_pools, layout_cave_pods, grunt_megastairs_5,
          serial_bayou_shore_b
Orc:1:    layout_diamond_mine, minmay_orc_barracks
Orc:2:    st_orc_elflike, layout_caves, basic_altar
Elf:1:    elf_arrival_001, layout_geoelf_diagonals, hangedman_elf_disciples,
          hex_intersection
Elf:2:    nicolae_elf_blades_splatter_lattice
          [nicolae_blade_entry_diamond_columns], layout_geoelf_octagon,
          portal_desolation_entry_garden, minivault_14,
          einodemon_armed_red_devil_minivault
Elf:3:    minmay_elf_hall_quartered_circle, layout_loops_cross, serial_shops,
          nicolae_shop_just_a_little_nook

Skill      XL: |  1  2  3  4  5  6  7  8  9 10 11 12 13 14 15 16 17 18 19 |
---------------+----------------------------------------------------------+-----
Spellcasting   | 2 3 4 6 7 9 10 11 12 13 14 15 17 18 19 20 | 20.2
Conjurations   | 4 5 6 7 8 10 11 | 11.4
Air Magic      | 2 6 8 10 11 12 | 12.0
Fire Magic     | 2 6 8 10 11 12 15 17 18 | 18.3
Armour         | 6 10 11 | 11.8
Fighting       | 3 6 8 9 |  9.4
Dodging        | |  1.7
Stealth        | |  1.7

Action                     |  1- 3 |  4- 6 |  7- 9 | 10-12 | 13-15 | 16-18 | 19-21 || total
---------------------------+-------+-------+-------+-------+-------+-------+-------++-------
  Melee: Unarmed           |       |     1 |       |       |       |       |       ||     1
         Spear             |       |       |       |     4 |       |       |       ||     4
         Staff             |       |       |       |       |     4 |     7 |       ||    11
   Cast: Magic Dart        |    95 |    44 |   157 |   116 |     4 |       |       ||   416
         Searing Ray       |     1 |    14 |    87 |   100 |       |    50 |     2 ||   254
         Iskenderun's Myst |       |       |     9 |   131 |    24 |   164 |    34 ||   362
         Plasma Beam       |       |       |       |    45 |   466 |   536 |    80 ||  1127
  Evoke: Wand              |       |       |     3 |    14 |     5 |     2 |       ||    24
    Use: Scroll            |       |       |       |    16 |    19 |    15 |       ||    50
         Potion            |       |       |       |     4 |     2 |    15 |       ||    21
 Armour: Robe              |     3 |    14 |    52 |    69 |    21 |       |       ||   159
         Chain mail        |       |       |       |       |    78 |    77 |       ||   155
         Plate armour      |       |       |       |       |       |   141 |    17 ||   158
  Dodge: Dodged            |    10 |    11 |    83 |   102 |    89 |   103 |     8 ||   406
